 Dungeon Crawl Stone Soup version 0.19-a0-231-gae044c8 (webtiles) character file.

8800 Delvonshi the Summoner (level 11, 0/64 HPs)
             Began as a Tengu Air Elementalist on May 24, 2016.
             Was a Priest of Sif Muna.
             Slain by a two-headed ogre
             ... wielding a +0 giant club
              (2 damage)
             ... on level 10 of the Dungeon.
             The game lasted 02:03:14 (18060 turns).

Delvonshi the Summoner (Tengu Air Elementalist)    Turns: 18060, Time: 02:03:16

Health: 0/64       AC:  3    Str:  9    XL:     11   Next: 36%
Magic:  17/30      EV: 15    Int: 19    God:    Sif Muna [***...]
Gold:   598        SH:  0    Dex: 14    Spells: 6 memorised, 2 levels left

rFire  . . .     SeeInvis .     M - +1 scimitar (elec)
rCold  . . .     Gourm    .     a - +0 robe
rNeg   . . .     Faith    .     (no shield)
rPois  .         Spirit   .     (helmet restricted)
rElec  .         Dismiss  .     (no cloak)
rCorr  .         Reflect  .     T - +0 pair of gloves
SustAt .         Harm     .     (boots unavailable)
MR     +....                    (no amulet)
Stlth  ++........               n - ring of protection from magic
                                K - ring of magical power

@: about to teleport, flying quickly and evasively, repel missiles, quick,
somewhat resistant to hostile enchantments, unstealthy
A: beak, talons 3, able to fly 1
a: Channel Energy, Renounce Religion


You were on level 10 of the Dungeon.
You worshipped Sif Muna.
Sif Muna was most pleased with you.
You were very hungry.

You visited 2 branches of the dungeon, and saw 11 of its levels.

You collected 718 gold pieces.
You spent 120 gold pieces at shops.

Inventory:

Hand Weapons
 l - a +0 hunting sling
 M - a +1 scimitar of electrocution (weapon)
Missiles
 f - 96 sling bullets
 g - 51 poisoned needles
 D - 91 bolts
Armour
 a - a +0 robe (worn)
 y - a troll hide
 T - a +0 pair of gloves (worn)
Jewellery
 e - an uncursed ring of positive energy
 n - a ring of protection from magic (right hand)
 B - an uncursed ring of poison resistance
 K - a ring of magical power (left hand)
Wands
 z - a wand of slowing (10/48)
 E - a wand of digging (14/24)
 J - a wand of flame (33/48)
 Y - a wand of lightning (2/15)
Scrolls
 h - 3 scrolls of enchant weapon
 i - 3 scrolls of teleportation
 j - 3 scrolls of enchant armour {unknown}
 k - 5 scrolls of remove curse
 p - 3 scrolls of recharging {unknown}
 s - a scroll of magic mapping {unknown}
 u - 4 scrolls of identify
 x - a scroll of fear {unknown}
 I - 2 scrolls of amnesia {unknown}
 N - 2 scrolls of noise {unknown}
 P - a scroll of torment {unknown}
 R - a scroll of summoning {unknown}
 V - a scroll of immolation {unknown}
 X - a scroll of fog {unknown}
Potions
 d - 4 potions of lignification
 m - 4 potions of haste
 t - 4 potions of flight
 w - 2 potions of beneficial mutation {unknown}
 H - 5 potions of curing
 L - 5 potions of brilliance
 O - 2 potions of mutation {unknown}
 Q - 2 potions of degeneration {unknown}
 Z - a potion of magic {unknown}
Books
 b - a book of Air

   Spells                             Type                      Level
   a - Shock                          Conjuration/Air              1
   b - Swiftness                      Charms/Air                   2
   c - Repel Missiles                 Charms/Air                   2
   d - Static Discharge               Conjuration/Air              3
   e - Lightning Bolt                 Conjuration/Air              5
 v - a book of Annihilations

   Spells                             Type                      Level
   a - Poison Arrow                   Conjuration/Poison           6
   b - Chain Lightning                Conjuration/Air              8
   c - Lehudib's Crystal Spear        Conjuration/Earth            8
   d - Glaciate                       Conjuration/Ice              9
   e - Fire Storm                     Conjuration/Fire             9
 A - a book of Frost

   Spells                             Type                      Level
   a - Freeze                         Ice                          1
   b - Throw Frost                    Conjuration/Ice              2
   c - Ozocubu's Armour               Charms/Ice                   3
   d - Throw Icicle                   Conjuration/Ice              4
   e - Summon Ice Beast               Ice/Summoning                4
 F - a book of the Earth

   Spells                             Type                      Level
   a - Leda's Liquefaction            Hexes/Earth                  4
   b - Bolt of Magma                  Conjuration/Fire/Earth       5
   c - Statue Form                    Transmutation/Earth          6
   d - Iron Shot                      Conjuration/Earth            6
   e - Shatter                        Earth                        9
 G - a Fen Folio

   Spells                             Type                      Level
   a - Corpse Rot                     Necromancy                   2
   b - Stone Arrow                    Conjuration/Earth            3
   c - Leda's Liquefaction            Hexes/Earth                  4
   d - Summon Forest                  Summoning/Translocation      5
   e - Hydra Form                     Transmutation                6
   f - Summon Hydra                   Summoning                    7
 W - a book of Dreams

   Spells                             Type                      Level
   a - Ensorcelled Hibernation        Hexes/Ice                    2
   b - Silence                        Hexes/Air                    5
   c - Darkness                       Hexes                        6
   d - Shadow Creatures               Summoning                    6
Comestibles
 c - a bread ration
 o - 5 meat rations
 q - 2 slices of pizza
 r - 7 fruits
 C - a beef jerky


   Skills:
 - Level 6.2 Fighting
 - Level 5.0 Long Blades
   Level 3.8 Polearms
 + Level 2.9 Dodging
 - Level 2.0 Stealth
 + Level 6.1 Spellcasting
 - Level 9.1 Conjurations
 - Level 1.2 Charms
 + Level 9.2 Summonings
 - Level 9.0 Air Magic
 * Level 5.1 Invocations


You had 2 spell levels left.
You knew the following spells:

 Your Spells              Type           Power        Failure   Level  Hunger
a - Shock                 Conj/Air       ####         1%          1    None
b - Static Discharge      Conj/Air       #####...     1%          3    ##.....
c - Repel Missiles        Chrm/Air       ####..       1%          2    None
d - Swiftness             Chrm/Air       ####....     1%          2    None
e - Summon Hydra          Summ           #####.....   99%         7    #######
f - Lightning Bolt        Conj/Air       #####.....   10%         5    #####..


Dungeon Overview and Level Annotations

Branches:
Dungeon (10/15)            Temple (1/1) D:5             Orc (0/2) D:10
   Lair: D:8-11

Altars:
Ashenzari
Cheibriados
Dithmenos
Elyvilon
Fedhas
Gozag
Hepliaklqana
Kikubaaqudgha
Makhleb
Nemelex Xobeh
Okawaru
Pakellas
Qazlal
Ru
Sif Muna
Ukayaw
Vehumet
Xom
Zin
The Shining One
Beogh

Shops:
D:5 ?   D:8 :   D:9 (*:

Annotations:
D:9 Gastronok


Innate Abilities, Weirdness & Mutations

You have a beak for a mouth.
You have claws for feet.
You can fly.


Message History

As you read the scroll of teleportation, it crumbles to dust.
You feel strangely unstable. The troll closely misses you.
The troll claws you. x2
* * * LOW HITPOINT WARNING * * *
The two-headed ogre misses you.
The two-headed ogre hits you with a giant club!
* * * LOW HITPOINT WARNING * * *
Drink which item? (? for menu, Esc to quit)
You feel much better. The troll barely misses you. The troll claws you!
The troll completely misses you.
Unknown command.
Drink which item? (? for menu, Esc to quit)
You can't drink that!
Drink which item? (? for menu, Esc to quit)
You feel better. The troll barely misses you. The troll claws you!
* * * LOW HITPOINT WARNING * * *
The troll claws you!
* * * LOW HITPOINT WARNING * * *
The two-headed ogre closely misses you.
The two-headed ogre hits you with a giant club.
You die...

...#...#...##.# #..........#
..))))........# ####.....#.#
...........).O# #.#...#.#
))..........#># #.#####.#
...#...#...##[#### #. ###.#
#8###8###.##.....# #. #...#
################c# #. #.###
#..###.# #.# #O# #. #.# ##.....#
#.# #@# #.###.##### #..##### #.#
#T# #.........# ..## #.#####.#
#####.###.# .## #.......# #.#
#.# )# ###.##### #.# #.# .# #.#
#.# #.# <# #.# #####.###.# .#
#.# #####.........#
(###########.#####.........#####


You could see a troll, a two-headed ogre and a centaur.

Vanquished Creatures
  2 hill giants (D:10)
  Pikel (D:4)
  Joseph (D:8)
  A centaur skeleton (D:10)
  A troll (D:9)
  The ghost of LogicNinja the Destroyer, a novice DECj of Vehumet (D:6)
  Prince Ribbit (D:8)
  Sigmund (D:4)
  Grum (D:9)
  A hippogriff (D:8)
  A soldier ant (D:7)
  6 orc warriors
  An ice beast (D:5)
  3 sky beasts
  6 phantoms
  4 wolves
  4 ogres
  5 centaurs
  4 big kobolds (D:4)
  2 giant frogs
  Blork the orc (D:5)
  A gnoll sergeant (D:9)
  A wyvern skeleton (D:8)
  3 scorpions
  3 killer bees (D:7)
  5 howler monkeys
  3 crimson imps
  A giant frog zombie (D:5)
  A jelly (D:6)
  2 gnoll shamans
  11 orc priests
  A centaur zombie (D:8)
  5 hounds
  A giant frog skeleton (D:6)
  3 iguanas
  9 worker ants
  18 orc wizards
  15 gnolls
  16 adders
  2 shadow imps
  2 adder skeletons (D:5)
  4 worms
  2 dart slugs
  6 giant geckos
  43 orcs
  9 bats
  5 giant cockroaches
  8 goblins
  12 hobgoblins
  21 jackals
  48 kobolds
  6 quokkas
  A ball python (D:1)
  A ball python skeleton (D:4)
  11 giant newts
  A quokka skeleton (D:4)
  2 quokka zombies
  7 rats
  2 butterflies (D:3)
340 creatures vanquished.

Vanquished Creatures (others)
  A slave (D:4)
  A scorpion (D:4)
  An adder (D:4)
  An adder skeleton (D:4)
4 creatures vanquished.

Grand Total: 344 creatures vanquished

Notes
Turn   | Place    | Note
--------------------------------------------------------------
     0 | D:1      | Delvonshi the Tengu Air Elementalist began the quest for the Orb.
     0 | D:1      | Reached XP level 1. HP: 10/10 MP: 4/4
   174 | D:1      | Reached XP level 2. HP: 16/16 MP: 1/6
   454 | D:1      | Reached skill level 1 in Fighting
   579 | D:1      | Reached XP level 3. HP: 20/20 MP: 5/7
  1102 | D:1      | Learned a level 3 spell: Static Discharge
  1557 | D:2      | You fall through a shaft!
  1561 | D:3      | Reached XP level 4. HP: 25/25 MP: 5/8
  2062 | D:3      | Reached skill level 5 in Air Magic
  2378 | D:3      | Found a shimmering altar of Xom.
  2809 | D:2      | Gained mutation: You can fly. [Tengu growth]
  2809 | D:2      | Reached XP level 5. HP: 30/30 MP: 5/9
  2857 | D:2      | Learned a level 2 spell: Repel Missiles
  3740 | D:4      | Noticed a slave
  3740 | D:4      | Noticed a slave
  4130 | D:4      | Found a hazy altar of Hepliaklqana.
  4159 | D:4      | Reached skill level 1 in Polearms
  4260 | D:4      | Reached XP level 6. HP: 28/36 MP: 0/10
  4489 | D:4      | Found a roughly hewn altar of Beogh.
  4490 | D:4      | Reached skill level 5 in Conjurations
  4593 | D:4      | Learned a level 2 spell: Swiftness
  4621 | D:4      | Found a sparkling altar of Nemelex Xobeh.
  4631 | D:4      | Noticed Sigmund
  4818 | D:5      | Entered Level 5 of the Dungeon
  4988 | D:5      | Reached XP level 7. HP: 41/41 MP: 5/11
  5341 | D:5      | Found a staircase to the Ecumenical Temple.
  5360 | Temple   | Entered the Ecumenical Temple
  5541 | D:5      | Found Qed Heeff's Magic Scroll Emporium.
  5541 | D:5      | Noticed Blork the orc
  5575 | D:5      | Bought a scroll of teleportation for 45 gold pieces
  5575 | D:5      | Bought a scroll of remove curse for 45 gold pieces
  5575 | D:5      | Bought a scroll of identify for 30 gold pieces
  5861 | D:4      | Noticed Pikel
  6361 | D:5      | Killed Blork the orc
  6361 | D:5      | Reached XP level 8. HP: 37/48 MP: 3/12
  7446 | D:4      | Reached skill level 5 in Fighting
  7529 | D:4      | Killed Pikel
  7529 | D:4      | Reached skill level 5 in Spellcasting
  7529 | D:4      | Reached XP level 9. HP: 21/55 MP: 4/18
  7744 | D:4      | Killed Sigmund
  7744 | D:4      | Reached skill level 1 in Long Blades
  7877 | D:4      | Reached skill level 1 in Charms
  8062 | D:4      | Learned a level 7 spell: Summon Hydra
  8365 | D:4      | Reached skill level 1 in Summonings
  9122 | D:4      | Found a radiant altar of Vehumet.
  9122 | D:4      | Found a deep blue altar of Sif Muna.
  9132 | D:4      | Became a worshipper of Sif Muna the Loreminder
  9333 | D:6      | Found a shimmering altar of Xom.
  9379 | D:6      | Noticed LogicNinja's ghost (novice DECj)
  9392 | D:6      | Killed LogicNinja's ghost
  9631 | D:6      | Found an opulent altar of Gozag.
  9687 | D:6      | Reached skill level 5 in Summonings
 10194 | D:6      | Found a snail-covered altar of Cheibriados.
 11024 | D:7      | Reached * piety under Sif Muna
 11191 | D:7      | Reached skill level 5 in Long Blades
 11191 | D:7      | Reached XP level 10. HP: 28/60 MP: 7/19
 12662 | D:8      | Noticed Prince Ribbit
 12727 | D:8      | Killed Prince Ribbit
 12727 | D:8      | Reached ** piety under Sif Muna
 12991 | D:8      | Learned a level 5 spell: Lightning Bolt
 13008 | D:8      | Noticed Joseph
 13439 | D:8      | Found an ancient bone altar of Kikubaaqudgha.
 13532 | D:8      | Found Bis Otia's Book Shop.
 13600 | D:8      | HP: 3/60 [Joseph/wand of lightning (30)]
 13606 | D:8      | Killed Joseph
 13606 | D:8      | Reached skill level 1 in Invocations
 14317 | D:9      | Found Yrhenuel's Assorted Antiques.
 14459 | D:9      | Found Wazayso's Book Shoppe.
 14742 | D:9      | Found Fenatuc's General Store.
 14859 | D:9      | Noticed Gastronok
 14861 | D:9      | Found Nihehoh's Antique Weapon Shoppe.
 15193 | D:10     | Entered Level 10 of the Dungeon
 15221 | D:10     | Noticed a hill giant
 15618 | D:10     | Killed a hill giant
 15618 | D:10     | Reached XP level 11. HP: 42/64 MP: 20/20
 16137 | D:10     | Noticed Grum
 16549 | D:9      | Killed Grum
 16958 | D:10     | Reached *** piety under Sif Muna
 17155 | D:10     | Noticed a hill giant
 17212 | D:10     | Killed a hill giant
 17754 | D:10     | Reached skill level 5 in Invocations
 18019 | D:10     | Found a staircase to the Orcish Mines.
 18060 | D:10     | HP: 2/64 [troll (14)]
 18060 | D:10     | Slain by a two-headed ogre

Vault maps used:
D:1:      saegor_arrival_simple_b, minmay_misc_feat_chi
D:3:      xom_butterflies
D:4:      minmay_goblin_kobold_castle, kennysheep_little_box,
          amethyst_overflow_temple_binary, nemelex_xobeh_ov_fountains_minmay,
          kennysheep_orc_chapel, uniq_sigmund, uniq_pikel
D:5:      minmay_temple_entry_statues_pillars, serial_shops, nicolae_shop_stone,
          first_bread, serial_bayou_pond_e, uniq_blork_the_orc
D:6:      kennysheep_mini_moat, basic_altar, nicolae_gozag_seed_capital
D:8:      lemuel_crystal_altar, serial_shops, nicolae_shop_behind_doors,
          uniq_prince_ribbit1, uniq_joseph
D:9:      gammafunk_temple_overflow_elements, serial_shops, shop, shop,
          nicolae_shop_crystal, nicolae_shop_temple_entry_statues_fountains,
          minmay_tree_intersection, uniq_gastronok
D:10:     david_orc_4, uniq_grum
Temple:   nicolae_temple_god_jail

Skill      XL: |  1  2  3  4  5  6  7  8  9 10 11 |
---------------+----------------------------------+-----
Conjurations   | 2 3 4 5 6 8 9 |  9.1
Fighting       | 1 2 3 4 5 6 |  6.2
Air Magic      | 5 6 9 |  9.0
Polearms       | 1 2 3 |  3.8
Spellcasting   | 5 6 |  6.1
Long Blades    | 5 |  5.0
Charms         | 1 |  1.2
Summonings     | 6 8 9 |  9.2
Invocations    | 3 5 |  5.1
Dodging        | |  2.9
Stealth        | |  2.0

Action                   |  1- 3 |  4- 6 |  7- 9 | 10-12 || total
-------------------------+-------+-------+-------+-------++-------
Melee: Unarmed           |     3 |       |       |       ||     3
       Kick              |     1 |     2 |    16 |    20 ||    39
       Trident           |       |    16 |    21 |       ||    37
       Peck              |       |     2 |     4 |     9 ||    15
       Scimitar          |       |       |    38 |    70 ||   108
 Cast: Shock             |    80 |   119 |   221 |   244 ||   664
       Static Discharge  |       |     4 |    43 |    67 ||   114
       Repel Missiles    |       |     1 |     6 |     2 ||     9
       Swiftness         |       |     1 |       |       ||     1
       Lightning Bolt    |       |       |       |    11 ||    11
 Abil: Fly               |       |     9 |    48 |    42 ||    99
  Use: Scroll            |       |     2 |     1 |     6 ||     9
       Potion            |       |       |     4 |    12 ||    16
 Stab: Sleeping          |       |       |       |     1 ||     1
  Eat: Chunk             |     3 |    14 |    25 |    12 ||    54
       Bread ration      |       |       |     1 |     5 ||     6
Armor: Robe              |     3 |     3 |     2 |    22 ||    30
Dodge: Dodged            |     7 |    50 |   103 |   139 ||   299
       Deflected         |       |     2 |    10 |     9 ||    21
